[ AOE2 MATCH · #486374711 ]
UnrankedChinese vs Cumans
[ REPLAY ANALYSIS · EXTRACTED FROM THE RECORDED GAME ]
Feudal
9:43
Castle
23:37
Imperial
40:51
| APM avg | 59.5 |
| APM peak | 96 |
| eAPM avg | 32.3 |
| Villagers / military | 245 / 173 |
Focus
⚔️ 41.3% · 🌾 58.7%
Archer ×141 · Skirmisher ×9 · Iron Pagoda ×9 · Trebuchet (Packed) ×5 · Militia ×4 · Scorpion ×4
Feudal
9:16
Castle
19:42
Imperial
38:28
| APM avg | 45.9 |
| APM peak | 73 |
| eAPM avg | 25.0 |
| Villagers / military | 180 / 155 |
Focus
⚔️ 30.5% · 🌾 69.5%
Knight ×96 · Scout Cavalry ×54 · Monk ×2 · Trebuchet (Packed) ×2 · Mangonel ×1
Feudal
9:16
Castle
26:56
Imperial
—
| APM avg | 44.1 |
| APM peak | 84 |
| eAPM avg | 21.9 |
| Villagers / military | 137 / 109 |
Focus
⚔️ 43.5% · 🌾 56.5%
Kipchak ×68 · Archer ×32 · Skirmisher ×5 · Cavalry Archer ×4
Feudal
9:16
Castle
24:16
Imperial
44:38
| APM avg | 52.8 |
| APM peak | 117 |
| eAPM avg | 20.1 |
| Villagers / military | 138 / 132 |
Focus
⚔️ 30.1% · 🌾 69.9%
Archer ×114 · Spearman ×18
Match map
Initial resources + every placement click. Lines = walls · curves = elevation contours. ◆ gold · ⬟ stone · ● berries · ✦ relic · ◌ wall gap
Your base· ✓ Closed at 23:37 · 38t walls · no gate
Lea's base· Open — unwalled flank
DS_Alec's base· Open — 4t gap
La Serpiente Emplumada's base· ✓ Closed at 24:16 · 50t walls · 1 gate(s)
Smoothed initial terrain · ◌ = detected wall gap · hover for details
Inputs per minute
— Matazombies - - Lea
Build order — Matazombies
First 150 of 595 actions detected
| 0:04 | Research | Loom |
| 0:52 | Create | Villager (Male) |
| 0:52 | Create | Villager (Male) |
| 1:14 | Create | Villager (Male) |
| 1:20 | Build | House |
| 1:41 | Create | Villager (Male) |
| 1:56 | Build | Lumber Camp |
| 2:07 | Create | Villager (Male) |
| 2:34 | Create | Villager (Male) |
| 3:19 | Create | Villager (Male) |
| 3:20 | Create | Villager (Male) |
| 3:20 | Create | Villager (Male) |
| 3:37 | Create | Villager (Male) |
| 3:37 | Create | Villager (Male) |
| 3:51 | Create | Villager (Male) |
| 4:13 | Create | Villager (Male) |
| 4:13 | Create | Villager (Male) |
| 4:15 | Build | Mill |
| 4:26 | Create | Villager (Male) |
| 4:40 | Build | House |
| 5:01 | Create | Villager (Male) |
| 5:01 | Create | Villager (Male) |
| 5:23 | Create | Villager (Male) |
| 5:23 | Create | Villager (Male) |
| 5:39 | Create | Villager (Male) |
| 5:39 | Create | Villager (Male) |
| 6:27 | Build | Barracks |
| 6:38 | Create | Villager (Male) |
| 6:58 | Build | House |
| 7:02 | Create | Villager (Male) |
| 7:33 | Research | Feudal Age |
| 7:33 | Research | Feudal Age |
| 7:33 | Research | Feudal Age |
| 7:59 | Build | Mining Camp |
| 8:04 | Create | Militia |
| 8:04 | Create | Militia |
| 8:04 | Create | Militia |
| 8:36 | Create | Militia |
| 9:03 | Create | Villager (Male) |
| 9:21 | Create | Villager (Male) |
| 9:25 | Create | Villager (Male) |
| 9:39 | Create | Villager (Male) |
| 9:43 | Age | Feudal Age |
| 9:47 | Build | Archery Range |
| 9:52 | Create | Villager (Male) |
| 10:06 | Build | Archery Range |
| 10:08 | Research | Man-at-Arms (upgrade) |
| 10:09 | Research | Man-at-Arms (upgrade) |
| 10:22 | Research | Double-Bit Axe |
| 10:41 | Create | Archer |
| 10:43 | Build | House |
| 10:52 | Create | Villager (Male) |
| 11:11 | Build | Farm |
| 11:13 | Build | Farm |
| 11:16 | Create | Villager (Male) |
| 11:20 | Build | House |
| 11:22 | Build | Palisade Wall |
| 11:26 | Create | Archer |
| 11:26 | Create | Archer |
| 11:41 | Build | Farm |
| 11:45 | Create | Archer |
| 11:45 | Create | Archer |
| 11:53 | Create | Villager (Male) |
| 12:00 | Build | House |
| 12:01 | Build | Palisade Wall |
| 12:08 | Create | Archer |
| 12:09 | Create | Archer |
| 12:16 | Create | Villager (Male) |
| 12:21 | Create | Archer |
| 12:21 | Create | Archer |
| 12:24 | Create | Villager (Male) |
| 12:45 | Create | Villager (Male) |
| 12:53 | Create | Archer |
| 12:53 | Create | Archer |
| 13:05 | Build | House |
| 13:14 | Build | Blacksmith |
| 13:16 | Create | Archer |
| 13:16 | Create | Archer |
| 13:34 | Create | Villager (Male) |
| 13:39 | Build | House |
| 13:42 | Build | Palisade Wall |
| 13:43 | Create | Villager (Male) |
| 13:43 | Create | Villager (Male) |
| 13:59 | Create | Villager (Male) |
| 14:02 | Research | Fletching |
| 14:02 | Research | Fletching |
| 14:04 | Build | Farm |
| 14:09 | Build | House |
| 14:10 | Build | Palisade Wall |
| 14:13 | Create | Archer |
| 14:13 | Create | Archer |
| 14:21 | Create | Villager (Male) |
| 14:22 | Create | Villager (Male) |
| 14:26 | Build | Farm |
| 14:31 | Create | Villager (Male) |
| 14:49 | Create | Archer |
| 14:49 | Create | Archer |
| 14:51 | Create | Villager (Male) |
| 14:51 | Create | Villager (Male) |
| 14:54 | Build | Farm |
| 15:03 | Create | Archer |
| 15:04 | Create | Archer |
| 15:13 | Create | Villager (Male) |
| 15:32 | Create | Archer |
| 15:33 | Create | Archer |
| 15:33 | Create | Archer |
| 15:39 | Create | Villager (Male) |
| 15:40 | Create | Villager (Male) |
| 15:46 | Create | Villager (Male) |
| 15:46 | Create | Villager (Male) |
| 15:54 | Create | Archer |
| 15:54 | Create | Archer |
| 16:18 | Create | Archer |
| 16:18 | Create | Archer |
| 16:30 | Create | Villager (Male) |
| 16:33 | Create | Villager (Male) |
| 16:38 | Build | Farm |
| 16:38 | Build | Farm |
| 16:39 | Build | Farm |
| 16:39 | Build | Farm |
| 16:39 | Build | Farm |
| 16:39 | Build | Farm |
| 16:40 | Build | Farm |
| 16:43 | Build | House |
| 16:43 | Build | Palisade Wall |
| 17:31 | Create | Archer |
| 17:31 | Create | Archer |
| 17:32 | Create | Archer |
| 17:32 | Create | Archer |
| 17:38 | Create | Villager (Male) |
| 17:39 | Create | Villager (Male) |
| 17:41 | Create | Villager (Male) |
| 17:53 | Create | Villager (Male) |
| 18:04 | Create | Villager (Male) |
| 18:14 | Build | Farm |
| 18:14 | Build | Farm |
| 18:14 | Build | Farm |
| 18:14 | Build | Farm |
| 18:14 | Build | Farm |
| 18:16 | Create | Villager (Male) |
| 18:20 | Create | Archer |
| 18:20 | Create | Archer |
| 18:20 | Create | Archer |
| 18:21 | Create | Archer |
| 18:53 | Create | Villager (Male) |
| 18:58 | Build | House |
| 18:59 | Build | Palisade Wall |
| 19:07 | Create | Villager (Male) |
| 19:11 | Build | Lumber Camp |
| 19:13 | Build | House |
Build order — Lea
First 150 of 534 actions detected
| 0:00 | Create | Villager (Male) ×4 |
| 0:02 | Build | House |
| 0:02 | Build | House |
| 1:25 | Create | Villager (Male) |
| 1:25 | Create | Villager (Male) |
| 1:54 | Create | Villager (Male) |
| 2:11 | Create | Villager (Male) |
| 2:26 | Build | Lumber Camp |
| 2:53 | Create | Villager (Male) |
| 2:54 | Create | Villager (Male) |
| 3:19 | Create | Villager (Male) |
| 3:24 | Build | House |
| 3:35 | Create | Villager (Male) |
| 3:35 | Create | Villager (Male) |
| 3:55 | Build | Palisade Wall |
| 4:10 | Create | Villager (Male) |
| 4:27 | Create | Villager (Male) |
| 5:08 | Build | Mill |
| 5:25 | Create | Villager (Male) |
| 5:45 | Create | Villager (Male) |
| 6:10 | Create | Villager (Male) |
| 6:41 | Research | Loom |
| 7:02 | Research | Feudal Age |
| 8:09 | Build | House |
| 8:17 | Build | Barracks |
| 9:09 | Create | Villager (Male) |
| 9:09 | Create | Villager (Male) |
| 9:16 | Age | Feudal Age |
| 9:22 | Build | Stable |
| 9:26 | Create | Villager (Male) |
| 9:29 | Research | Horse Collar |
| 9:31 | Research | Double-Bit Axe |
| 9:34 | Create | Villager (Male) |
| 9:45 | Research | Horse Collar |
| 10:09 | Build | Farm |
| 10:17 | Build | House |
| 10:18 | Create | Scout Cavalry |
| 10:18 | Create | Scout Cavalry |
| 10:23 | Build | House |
| 10:31 | Create | Villager (Male) |
| 10:33 | Build | Farm |
| 10:48 | Build | Palisade Wall |
| 10:49 | Build | Palisade Wall |
| 10:57 | Create | Scout Cavalry |
| 10:58 | Create | Villager (Male) |
| 11:12 | Build | Palisade Wall |
| 11:15 | Create | Villager (Male) |
| 11:18 | Build | Palisade Wall |
| 11:19 | Build | Palisade Wall |
| 11:24 | Build | Farm |
| 11:32 | Build | House |
| 11:33 | Build | Palisade Wall |
| 11:36 | Build | Palisade Wall |
| 11:39 | Create | Villager (Male) |
| 11:41 | Build | Farm |
| 11:43 | Build | Farm |
| 11:59 | Create | Villager (Male) |
| 12:09 | Build | Farm |
| 12:16 | Build | Farm |
| 12:26 | Create | Villager (Male) |
| 12:29 | Build | Farm |
| 12:38 | Create | Villager (Male) |
| 12:54 | Create | Villager (Male) |
| 13:04 | Build | Farm |
| 13:06 | Create | Scout Cavalry |
| 13:24 | Build | Farm |
| 13:27 | Create | Villager (Male) |
| 13:34 | Build | Farm |
| 13:35 | Build | Palisade Wall |
| 13:39 | Build | Palisade Wall |
| 13:45 | Create | Villager (Male) |
| 13:52 | Build | Farm |
| 13:57 | Build | House |
| 14:02 | Build | House |
| 14:08 | Create | Villager (Male) |
| 14:11 | Build | Farm |
| 14:19 | Create | Villager (Male) |
| 14:32 | Create | Villager (Male) |
| 14:34 | Build | Blacksmith |
| 14:40 | Create | Villager (Male) |
| 14:42 | Build | Farm |
| 15:01 | Build | Mining Camp |
| 15:09 | Create | Villager (Male) |
| 15:37 | Build | Farm |
| 15:39 | Build | Farm |
| 15:44 | Build | Farm |
| 16:04 | Build | Farm |
| 16:15 | Build | House |
| 16:27 | Build | House |
| 16:47 | Build | House |
| 17:02 | Research | Castle Age |
| 17:18 | Build | Stable |
| 17:29 | Research | Scale Barding Armor |
| 17:38 | Build | Farm |
| 17:52 | Research | Bloodlines |
| 18:47 | Research | Gold Mining |
| 18:53 | Build | House |
| 19:32 | Create | Villager (Male) |
| 19:32 | Create | Villager (Male) |
| 19:42 | Age | Castle Age |
| 19:43 | Create | Knight |
| 19:43 | Create | Knight |
| 19:45 | Research | Bow Saw |
| 19:48 | Build | Town Center |
| 19:53 | Research | Chain Barding Armor |
| 19:58 | Create | Knight |
| 20:09 | Create | Villager (Male) |
| 20:19 | Create | Knight |
| 20:26 | Create | Villager (Male) |
| 20:40 | Create | Knight |
| 20:46 | Build | Farm |
| 20:51 | Create | Villager (Male) |
| 20:51 | Create | Villager (Male) |
| 20:59 | Build | Farm |
| 21:04 | Build | House |
| 21:11 | Create | Knight |
| 21:14 | Create | Villager (Male) |
| 21:24 | Create | Villager (Male) |
| 21:24 | Create | Villager (Male) |
| 21:30 | Build | Farm |
| 21:35 | Create | Knight |
| 21:56 | Create | Villager (Male) |
| 22:26 | Create | Knight |
| 22:26 | Create | Knight |
| 22:26 | Create | Knight |
| 22:27 | Create | Villager (Male) |
| 22:33 | Create | Villager (Male) |
| 22:35 | Build | Monastery |
| 22:47 | Create | Villager (Male) |
| 22:50 | Build | House |
| 22:50 | Build | House |
| 22:54 | Create | Villager (Male) |
| 23:00 | Build | Lumber Camp |
| 23:15 | Create | Knight |
| 23:15 | Create | Knight |
| 23:15 | Create | Knight |
| 23:16 | Create | Villager (Male) |
| 23:16 | Create | Villager (Male) |
| 23:22 | Create | Knight |
| 23:29 | Create | Villager (Male) |
| 23:32 | Build | Farm |
| 23:37 | Create | Villager (Male) |
| 23:46 | Create | Villager (Male) |
| 23:52 | Build | Market |
| 23:52 | Create | Villager (Male) |
| 23:58 | Build | Town Center |
| 24:01 | Create | Knight |
| 24:10 | Create | Villager (Male) |
| 24:17 | Create | Villager (Male) |
| 24:23 | Create | Knight |
Build order — DS_Alec
First 150 of 382 actions detected
| 0:00 | Create | Villager (Male) |
| 0:00 | Create | Villager (Male) |
| 0:00 | Create | Villager (Male) |
| 0:02 | Build | House |
| 0:03 | Build | House |
| 0:11 | Create | Villager (Male) |
| 1:28 | Create | Villager (Male) |
| 1:49 | Create | Villager (Male) |
| 2:16 | Create | Villager (Male) |
| 2:41 | Build | Lumber Camp |
| 2:49 | Create | Villager (Male) |
| 2:59 | Build | House |
| 3:15 | Create | Villager (Male) |
| 3:34 | Create | Villager (Male) |
| 3:40 | Create | Villager (Male) |
| 4:26 | Create | Villager (Male) |
| 4:38 | Create | Villager (Male) |
| 4:53 | Build | Mill |
| 4:59 | Create | Villager (Male) |
| 5:13 | Build | Palisade Wall |
| 5:17 | Build | Palisade Wall |
| 5:17 | Build | Palisade Wall |
| 5:18 | Build | Palisade Wall |
| 5:19 | Build | Palisade Wall |
| 5:19 | Build | Palisade Wall |
| 5:20 | Build | Palisade Wall |
| 5:20 | Build | Palisade Wall |
| 5:21 | Build | Palisade Wall |
| 5:21 | Build | Palisade Wall |
| 5:30 | Create | Villager (Male) |
| 6:10 | Research | Loom |
| 6:41 | Create | Villager (Male) |
| 6:54 | Build | Palisade Wall |
| 7:06 | Research | Feudal Age |
| 7:28 | Build | Palisade Wall |
| 7:30 | Build | Palisade Wall |
| 7:45 | Build | House |
| 7:47 | Build | Palisade Wall |
| 8:06 | Create | Villager (Male) |
| 8:29 | Build | Palisade Wall |
| 8:33 | Build | Palisade Wall |
| 8:34 | Build | Palisade Wall |
| 9:01 | Build | House |
| 9:07 | Build | Palisade Wall |
| 9:09 | Build | Palisade Wall |
| 9:12 | Create | Villager (Male) |
| 9:12 | Create | Villager (Male) |
| 9:12 | Create | Villager (Male) |
| 9:15 | Build | Palisade Wall |
| 9:15 | Build | Palisade Wall |
| 9:16 | Age | Feudal Age |
| 9:16 | Build | Palisade Wall |
| 9:22 | Create | Villager (Male) |
| 9:28 | Build | Town Center |
| 9:33 | Build | House |
| 9:39 | Research | Double-Bit Axe |
| 9:45 | Build | Farm |
| 10:00 | Build | Farm |
| 10:13 | Build | Palisade Wall |
| 10:15 | Build | Palisade Wall |
| 10:16 | Build | Palisade Wall |
| 10:24 | Build | Palisade Wall |
| 10:25 | Build | Palisade Wall |
| 10:28 | Create | Villager (Male) |
| 10:32 | Create | Villager (Male) |
| 10:35 | Build | Farm |
| 11:00 | Create | Villager (Male) |
| 11:14 | Create | Villager (Male) |
| 11:15 | Build | Farm |
| 11:29 | Build | Farm |
| 11:36 | Create | Villager (Male) |
| 11:37 | Create | Villager (Male) |
| 11:47 | Create | Villager (Male) |
| 11:57 | Create | Villager (Male) |
| 12:04 | Create | Villager (Male) |
| 12:16 | Create | Villager (Male) |
| 12:23 | Create | Villager (Male) |
| 12:28 | Create | Villager (Male) |
| 12:38 | Build | Barracks |
| 12:46 | Build | Palisade Wall |
| 12:53 | Build | Palisade Wall |
| 12:58 | Build | Palisade Wall |
| 13:00 | Create | Villager (Male) |
| 13:08 | Create | Villager (Male) |
| 13:22 | Build | Archery Range |
| 13:28 | Create | Villager (Male) |
| 13:32 | Create | Villager (Male) |
| 13:37 | Create | Villager (Male) |
| 13:43 | Build | Farm |
| 13:50 | Create | Villager (Male) |
| 14:00 | Build | House |
| 14:03 | Create | Archer |
| 14:16 | Create | Villager (Male) |
| 14:20 | Build | House |
| 14:22 | Create | Archer |
| 14:28 | Create | Villager (Male) |
| 14:37 | Research | Horse Collar |
| 14:43 | Build | Archery Range |
| 14:49 | Create | Villager (Male) |
| 14:53 | Create | Archer |
| 14:54 | Create | Villager (Male) |
| 15:08 | Create | Villager (Male) |
| 15:18 | Create | Archer |
| 15:30 | Build | Lumber Camp |
| 15:42 | Build | Blacksmith |
| 15:49 | Create | Villager (Male) |
| 15:50 | Create | Archer |
| 15:51 | Create | Archer |
| 16:10 | Create | Archer |
| 16:13 | Build | House |
| 16:25 | Build | House |
| 16:27 | Create | Villager (Male) |
| 16:33 | Create | Archer |
| 16:44 | Create | Skirmisher |
| 16:44 | Create | Skirmisher |
| 16:51 | Build | House |
| 16:53 | Build | House |
| 17:13 | Research | Fletching |
| 17:19 | Build | House |
| 17:31 | Create | Archer |
| 17:35 | Create | Villager (Male) |
| 17:39 | Build | Farm |
| 17:41 | Build | Farm |
| 17:42 | Build | Farm |
| 17:48 | Create | Archer |
| 17:48 | Create | Skirmisher |
| 18:06 | Create | Archer |
| 18:06 | Create | Archer |
| 18:18 | Create | Archer |
| 18:18 | Create | Archer |
| 18:26 | Create | Villager (Male) |
| 18:44 | Create | Villager (Male) |
| 18:49 | Create | Skirmisher |
| 18:49 | Create | Skirmisher |
| 18:57 | Build | Farm |
| 19:10 | Create | Villager (Male) |
| 19:10 | Create | Archer |
| 19:18 | Build | Farm |
| 19:30 | Create | Villager (Male) |
| 19:33 | Build | Farm |
| 19:37 | Create | Archer |
| 19:38 | Create | Villager (Male) |
| 19:41 | Build | Farm |
| 19:45 | Build | House |
| 19:48 | Build | House |
| 19:51 | Create | Villager (Male) |
| 19:54 | Build | Farm |
| 20:11 | Create | Villager (Male) |
| 20:27 | Build | Farm |
| 20:27 | Create | Villager (Male) |
Build order — La Serpiente Emplumada
First 150 of 429 actions detected
| 0:00 | Create | Villager (Male) |
| 0:00 | Create | Villager (Male) |
| 0:01 | Create | Villager (Male) |
| 0:01 | Create | Villager (Male) |
| 0:02 | Build | House |
| 0:04 | Build | House |
| 1:20 | Create | Villager (Male) |
| 1:56 | Create | Villager (Male) |
| 1:56 | Create | Villager (Male) |
| 2:27 | Create | Villager (Male) |
| 2:27 | Create | Villager (Male) |
| 3:00 | Build | Lumber Camp |
| 3:17 | Create | Villager (Male) |
| 3:17 | Create | Villager (Male) |
| 3:18 | Create | Villager (Male) |
| 3:55 | Build | House |
| 3:58 | Build | House |
| 4:23 | Create | Villager (Male) |
| 4:38 | Create | Villager (Male) |
| 5:10 | Create | Villager (Male) |
| 5:41 | Create | Villager (Male) |
| 6:05 | Create | Villager (Male) |
| 6:19 | Build | Mining Camp |
| 6:41 | Research | Loom |
| 6:56 | Build | Mill |
| 7:03 | Research | Feudal Age |
| 8:02 | Create | Villager (Male) |
| 8:07 | Build | Barracks |
| 9:16 | Age | Feudal Age |
| 9:17 | Build | Archery Range |
| 9:20 | Research | Double-Bit Axe |
| 9:33 | Create | Villager (Male) |
| 9:46 | Build | Archery Range |
| 9:51 | Build | House |
| 9:56 | Build | House |
| 9:57 | Build | House |
| 9:59 | Create | Archer |
| 9:59 | Create | Archer |
| 10:04 | Create | Spearman |
| 10:09 | Build | Palisade Wall |
| 10:13 | Create | Villager (Male) |
| 10:14 | Create | Villager (Male) |
| 10:29 | Build | House |
| 10:31 | Create | Spearman |
| 10:40 | Build | House |
| 10:42 | Create | Archer |
| 10:42 | Create | Archer |
| 10:53 | Build | House |
| 10:54 | Build | House |
| 10:55 | Build | House |
| 11:00 | Build | House |
| 11:09 | Create | Villager (Male) |
| 11:15 | Create | Spearman |
| 11:27 | Build | Palisade Wall |
| 11:29 | Create | Villager (Male) |
| 11:31 | Build | Farm |
| 11:36 | Build | Palisade Wall |
| 11:40 | Create | Archer |
| 11:40 | Create | Archer |
| 11:52 | Build | Farm |
| 12:04 | Create | Archer |
| 12:04 | Create | Archer |
| 12:10 | Build | Palisade Wall |
| 12:13 | Create | Villager (Male) |
| 12:13 | Create | Villager (Male) |
| 12:18 | Create | Archer |
| 12:37 | Build | Palisade Wall |
| 12:40 | Create | Archer |
| 12:40 | Create | Archer |
| 12:46 | Build | Palisade Wall |
| 12:48 | Create | Villager (Male) |
| 13:06 | Create | Archer |
| 13:17 | Build | Mill |
| 13:22 | Create | Villager (Male) |
| 13:44 | Build | Farm |
| 13:46 | Create | Archer |
| 13:46 | Create | Archer |
| 13:47 | Create | Archer |
| 13:59 | Build | Farm |
| 14:16 | Build | Watch Tower |
| 14:20 | Create | Villager (Male) |
| 14:34 | Create | Archer |
| 14:37 | Create | Villager (Male) |
| 15:07 | Create | Villager (Male) |
| 15:20 | Create | Villager (Male) |
| 15:27 | Build | Blacksmith |
| 15:32 | Create | Archer |
| 15:32 | Create | Archer |
| 15:46 | Create | Archer |
| 15:51 | Create | Villager (Male) |
| 15:58 | Build | House |
| 16:12 | Build | Farm |
| 16:16 | Research | Fletching |
| 16:16 | Research | Fletching |
| 16:17 | Create | Villager (Male) |
| 16:29 | Create | Archer |
| 16:29 | Create | Archer |
| 16:37 | Build | Farm |
| 16:39 | Create | Villager (Male) |
| 16:55 | Build | Lumber Camp |
| 17:06 | Build | House |
| 17:12 | Build | Palisade Gate |
| 17:15 | Create | Archer |
| 17:17 | Create | Villager (Male) |
| 17:23 | Build | Farm |
| 17:36 | Create | Villager (Male) |
| 17:39 | Create | Archer |
| 17:46 | Build | House |
| 17:54 | Create | Archer |
| 17:59 | Create | Villager (Male) |
| 18:06 | Create | Archer |
| 18:16 | Build | House |
| 18:19 | Build | Farm |
| 18:27 | Create | Villager (Male) |
| 18:32 | Build | Farm |
| 18:33 | Create | Archer |
| 18:47 | Build | House |
| 18:50 | Create | Villager (Male) |
| 18:51 | Create | Archer |
| 19:07 | Build | Lumber Camp |
| 19:09 | Create | Archer |
| 19:11 | Create | Villager (Male) |
| 19:18 | Build | House |
| 19:39 | Create | Villager (Male) |
| 19:42 | Build | Farm |
| 19:43 | Build | Farm |
| 19:52 | Build | House |
| 19:53 | Build | House |
| 20:10 | Create | Villager (Male) |
| 20:27 | Build | Farm |
| 20:34 | Build | Market |
| 20:45 | Create | Villager (Male) |
| 20:53 | Build | Archery Range |
| 21:36 | Research | Castle Age |
| 21:36 | Research | Castle Age |
| 21:37 | Create | Archer |
| 21:38 | Create | Archer |
| 21:38 | Create | Archer |
| 21:38 | Create | Archer |
| 21:49 | Research | Gold Mining |
| 21:50 | Create | Archer |
| 21:50 | Create | Archer |
| 21:50 | Create | Archer |
| 22:25 | Create | Archer |
| 22:25 | Create | Archer |
| 22:25 | Create | Archer |
| 22:26 | Create | Archer |
| 22:28 | Research | Padded Archer Armor |
| 22:29 | Research | Padded Archer Armor |
| 22:36 | Build | House |
Match timeline
| 3:55 | Lea · wall_segment Palisade Wall x1 |
| 5:13 | DS_Alec · wall_segment Palisade Wall x1 |
| 5:17 | DS_Alec · wall_segment Palisade Wall x1 |
| 5:17 | DS_Alec · wall_segment Palisade Wall x1 |
| 5:18 | DS_Alec · wall_segment Palisade Wall x1 |
| 5:19 | DS_Alec · wall_segment Palisade Wall x1 |
| 5:19 | DS_Alec · wall_segment Palisade Wall x1 |
| 5:20 | DS_Alec · wall_segment Palisade Wall x1 |
| 5:20 | DS_Alec · wall_segment Palisade Wall x1 |
| 5:21 | DS_Alec · wall_segment Palisade Wall x1 |
| 5:21 | DS_Alec · wall_segment Palisade Wall x1 |
| 6:27 | Matazombies · first_building Barracks |
| 6:54 | DS_Alec · wall_segment Palisade Wall x1 |
| 7:28 | DS_Alec · wall_segment Palisade Wall x2 |
| 7:30 | DS_Alec · wall_segment Palisade Wall x10 |
| 7:47 | DS_Alec · wall_segment Palisade Wall x8 |
| 8:07 | La Serpiente Emplumada · first_building Barracks |
| 8:17 | Lea · first_building Barracks |
| 8:29 | DS_Alec · wall_segment Palisade Wall x4 |
| 8:33 | DS_Alec · wall_segment Palisade Wall x1 |
| 8:34 | DS_Alec · wall_segment Palisade Wall x1 |
| 9:07 | DS_Alec · wall_segment Palisade Wall x3 |
| 9:09 | DS_Alec · wall_segment Palisade Wall x2 |
| 9:15 | DS_Alec · wall_segment Palisade Wall x1 |
| 9:15 | DS_Alec · wall_segment Palisade Wall x1 |
| 9:16 | DS_Alec · age_up feudal |
| 9:16 | La Serpiente Emplumada · age_up feudal |
| 9:16 | DS_Alec · wall_segment Palisade Wall x1 |
| 9:16 | Lea · age_up feudal |
| 9:17 | La Serpiente Emplumada · first_building Archery Range |
| 9:22 | Lea · first_building Stable |
| 9:43 | Matazombies · age_up feudal |
| 9:47 | Matazombies · first_building Archery Range |
| 10:09 | La Serpiente Emplumada · wall_segment Palisade Wall x1 |
| 10:13 | DS_Alec · wall_segment Palisade Wall x1 |
| 10:15 | DS_Alec · wall_segment Palisade Wall x1 |
| 10:16 | DS_Alec · wall_segment Palisade Wall x1 |
| 10:24 | DS_Alec · wall_segment Palisade Wall x1 |
| 10:25 | DS_Alec · wall_segment Palisade Wall x1 |
| 10:48 | Lea · wall_segment Palisade Wall x5 |
| 10:49 | Lea · wall_segment Palisade Wall x1 |
| 11:12 | Lea · wall_segment Palisade Wall x8 |
| 11:18 | Lea · wall_segment Palisade Wall x1 |
| 11:19 | Lea · wall_segment Palisade Wall x7 |
| 11:22 | Matazombies · wall_segment Palisade Wall x9 |
| 11:27 | La Serpiente Emplumada · wall_segment Palisade Wall x5 |
| 11:33 | Lea · wall_segment Palisade Wall x1 |
| 11:36 | Lea · wall_segment Palisade Wall x1 |
| 11:36 | La Serpiente Emplumada · wall_segment Palisade Wall x8 |
| 12:01 | Matazombies · wall_segment Palisade Wall x7 |
| 12:10 | La Serpiente Emplumada · wall_segment Palisade Wall x23 |
| 12:37 | La Serpiente Emplumada · wall_segment Palisade Wall x8 |
| 12:38 | DS_Alec · first_building Barracks |
| 12:46 | DS_Alec · wall_segment Palisade Wall x7 |
| 12:46 | La Serpiente Emplumada · wall_segment Palisade Wall x5 |
| 12:53 | DS_Alec · wall_segment Palisade Wall x1 |
| 12:58 | DS_Alec · wall_segment Palisade Wall x1 |
| 13:22 | DS_Alec · first_building Archery Range |
| 13:35 | Lea · wall_segment Palisade Wall x1 |
| 13:39 | Lea · wall_segment Palisade Wall x1 |
| 13:42 | Matazombies · wall_segment Palisade Wall x11 |
| 14:10 | Matazombies · wall_segment Palisade Wall x3 |
| 16:43 | Matazombies · wall_segment Palisade Wall x1 |
| 18:59 | Matazombies · wall_segment Palisade Wall x4 |
| 19:13 | Matazombies · wall_segment Palisade Wall x3 |
| 19:42 | Lea · age_up castle |
| 21:47 | La Serpiente Emplumada · first_market_buy 100 food |
| 22:06 | DS_Alec · wall_segment Palisade Wall x1 |
| 22:35 | Lea · first_building Monastery |
| 22:51 | DS_Alec · wall_segment Palisade Wall x1 |
| 23:37 | Matazombies · age_up castle |
| 23:53 | Matazombies · first_building Siege Workshop |
| 24:16 | La Serpiente Emplumada · age_up castle |
| 24:29 | La Serpiente Emplumada · first_market_sell 100 wood |
| 26:56 | DS_Alec · age_up castle |
| 27:56 | DS_Alec · first_market_buy 100 stone |
| 28:02 | Lea · first_building Siege Workshop |
| 28:10 | DS_Alec · first_market_sell 100 wood |
| 28:17 | DS_Alec · first_building Castle |
| 28:38 | Lea · wall_segment Palisade Wall x1 |
| 32:40 | Matazombies · wall_segment Stone Wall x5 |
| 34:13 | DS_Alec · first_building Stable |
| 35:26 | Lea · first_building Castle |
| 37:12 | Matazombies · first_building Monastery |
| 37:12 | Lea · wall_segment Stone Wall x1 |
| 38:28 | Lea · age_up imperial |
| 39:36 | Matazombies · wall_segment Stone Wall x8 |
| 40:14 | Matazombies · first_building Castle |
| 40:51 | Matazombies · age_up imperial |
| 41:00 | La Serpiente Emplumada · first_building Monastery |
| 41:15 | DS_Alec · wall_segment Palisade Wall x1 |
| 43:25 | Matazombies · first_market_sell 100 wood |
| 43:26 | Matazombies · first_market_buy 100 food |
| 44:38 | La Serpiente Emplumada · age_up imperial |
| 47:18 | DS_Alec · resign |
[ AI ANALYSIS · 1 CREDIT ]
What really happened in this match?
Wolo.gg analyzes every decision: build order, eco, micro, common mistakes by bracket. Personalized analysis on WhatsApp or Discord in 30 seconds.
Civ guide
Chinese
Perfil
Matazombies